 Dungeon Crawl Stone Soup version 0.28-a0-1560-g060a6a1bfc (webtiles) character file.

Game seed: 11431309098530576169

314 Nattfarinn the Chopper (level 6, -1/76 HPs)
             Began as a Palentonga Berserker on Jan 19, 2022.
             Was a Believer of Trog.
             Slain by a gnoll shaman (9 damage)
             ... on level 4 of the Dungeon.
             The game lasted 00:04:22 (2983 turns).

Nattfarinn the Chopper (Palentonga Berserker)       Turns: 2983, Time: 00:04:22

Health: -1/76      AC:  4    Str: 22    XL:     6   Next: 19%
Magic:  6/6        EV: 10    Int:  8    God:    Trog [**....]
Gold:   122        SH:  0    Dex:  9    Spells: 5/5 levels left

rFire   . . .      SeeInvis +   a - +0 hand axe
rCold   . . .      Faith    .   (no shield)
rNeg    . . .      Spirit   .   b - +0 animal skin
rPois   .          Reflect  .   (no helmet)
rElec   .          Harm     .   (no cloak)
rCorr   .          Rampage  .   (no gloves)
Will    ++...                   (no barding)
Stlth   ..........              (no amulet)
HPRegen 1.22/turn               (no ring)
MPRegen 0.10/turn               (no ring)

@: berserking, strong-willed, regenerating, very quick
A: large, rugged brown scales 3, see invisible, deformed body, roll 1, armoured
tail
a: Rolling Charge, Renounce Religion, Berserk, Trog's Hand


You were on level 4 of the Dungeon.
You worshipped Trog.
Trog was pleased with you.
You visited 1 branch of the dungeon, and saw 4 of its levels.

You collected 122 gold pieces.

Inventory:

Hand Weapons
 a - a +0 hand axe (weapon)
Armour
 b - a +0 animal skin (worn)
Wands
 m - a wand of iceblast (10)
Scrolls
 c - a scroll of acquirement {unknown}
 e - a scroll of fear {unknown}
 f - a scroll of noise {unknown}
 h - a scroll of holy word {unknown}
 j - a scroll of vulnerability {unknown}
 l - a scroll of enchant weapon {unknown}
 n - a scroll of identify {unknown}
 o - a scroll of teleportation {unknown}
Potions
 d - 2 potions of curing {unknown}
 g - a potion of berserk rage {unknown}
 i - a potion of might {unknown}
 k - a potion of lignification {unknown}


   Skills:
 + Level 4.1 Fighting
 * Level 5.0 Axes
 + Level 2.7 Armour
 + Level 2.7 Dodging


You had 5 spell levels left.
You didn't know any spells.
Your spell library was empty.

Dungeon Overview and Level Annotations

Branches:
Dungeon (4/15)             Temple (0/1) D:4

Altars:
Cheibriados
Elyvilon
Wu Jian

Shops:
D:4 :


Innate Abilities, Weirdness & Mutations

You are completely covered in rugged brown scales. (AC +3, +7% HP)
You have supernaturally acute eyesight. (SInv)
Armour fits poorly on your strangely shaped body.
You can roll at nearby foes to attack.
You have a long armoured tail.


Message History

You hit the orc.
You kill the orc!
Trog accepts your kill.
You barely miss the orc. The orc hits you with a +0 club.
You hit the orc but do no damage.
The orc is severely wounded.
You hit the orc. The orc hits you with a +0 club.
The orc hits you with a +0 mace.
Unknown command.
You roll forward with a clatter of scales!
You barely miss the gnoll shaman.
The gnoll shouts!
You hear a shout! x2
You roll forward with a clatter of scales!
You barely miss the gnoll.
You hit the gnoll shaman but do no damage.
The gnoll shaman closely misses you. The gnoll hits you with a +0 halberd!
* * * LOW HITPOINT WARNING * * *
You hit the gnoll but do no damage. You tail-slap the gnoll.
The gnoll is moderately wounded.
You hit the orc.
You kill the orc!
Trog accepts your kill.
You barely miss the gnoll shaman. The gnoll shaman completely misses you.
The gnoll misses you.
Your skin crawls.
You feel strong-willed. The gnoll shaman barely misses you.
The gnoll barely misses you. The orc hits you with a +0 mace.
* * * LOW HITPOINT WARNING * * *
A red film seems to cover your vision as you go berserk!
You feel yourself moving faster!
You feel mighty! The gnoll shaman barely misses you.
The gnoll barely misses you. The orc barely misses you.
The gnoll hits you with a +0 whip.
* * * LOW HITPOINT WARNING * * *
You closely miss the gnoll. You tail-slap the gnoll!
You kill the gnoll!
Trog accepts your kill.
You barely miss the gnoll. You hit the gnoll shaman. You hit the orc.
The gnoll shaman hits you with a +0 whip!
You die...

################'#
....'.)@o'.)...^.# ..
....#.g.g#.).....# '# .
#....#.......#
.#############''''#########
.#........................
##≈≈≈≈≈≈≈≈≈≈≈≈....≈≈≈≈≈≈≈≈
≈≈≈≈≈≈≈≈≈≈≈≈≈≈....≈≈≈≈≈≈≈≈
≈≈≈≈≈≈≈≈≈≈≈≈≈≈....≈≈≈≈≈≈≈≈
..................).......


You could see a gnoll shaman, a gnoll and an orc.

Vanquished Creatures
  A water moccasin (D:4)
  A phantom (D:4)
  A jelly (D:4)
  A gnoll (D:4)
  An adder (D:2)
  3 worms (D:2)
  9 orcs (D:4)
  9 ball pythons
  6 bats
  8 endoplasms
  6 giant cockroaches
  4 goblins
  5 hobgoblins
  4 jackals (D:4)
  6 kobolds
  2 quokkas
  2 frilled lizards
  3 rats
72 creatures vanquished.

Vanquished Creatures (others)
  4 plants (D:1)
4 creatures vanquished.

Grand Total: 76 creatures vanquished

Notes
Turn   | Place    | Note
-------+----------+-------------------------------------------
     0 | D:1      | Nattfarinn the Palentonga Berserker began the quest for the
                  | Orb.
     0 | D:1      | Reached XP level 1. HP: 19/19 MP: 1/1
   315 | D:1      | Reached XP level 2. HP: 25/25 MP: 2/2
  1321 | D:2      | Reached XP level 3. HP: 28/31 MP: 3/3
  1329 | D:2      | Reached ** piety under Trog
  1559 | D:2      | Found a faded altar of an unknown god.
  1909 | D:3      | Found a snail-covered altar of Cheibriados.
  2118 | D:3      | Reached XP level 4. HP: 34/37 MP: 4/4
  2258 | D:3      | Found an ornate altar of the Wu Jian Council.
  2286 | D:3      | Found a white marble altar of Elyvilon.
  2403 | D:4      | Reached skill level 4 in Axes
  2403 | D:4      | Noticed a phantom
  2411 | D:4      | Killed a phantom
  2412 | D:4      | Reached XP level 5. HP: 37/44 MP: 5/5
  2551 | D:4      | Found a staircase to the Ecumenical Temple.
  2600 | D:4      | Noticed a water moccasin
  2605 | D:4      | Killed a water moccasin
  2606 | D:4      | Reached XP level 6. HP: 51/51 MP: 6/6
  2668 | D:4      | Found Fodaikh's Self-Improvement Boutique.
  2956 | D:4      | Reached skill level 5 in Axes
  2983 | D:4      | Slain by a gnoll shaman

Illustrated notes

Levels and vault maps discovered:
D:1:      lightli_iron_boxes, layout_basic, serial_forest,
          infiniplex_forest_clump_medium, infiniplex_forest_straight_2,
          infiniplex_forest_clump_long, infiniplex_forest_end_3,
          infiniplex_forest_straight_3, nrook_mini_vaults
D:2:      layout_rooms, shapermc_ecumenical_altar_venn
D:3:      layout_rooms, mainiacjoe_overflow_two_lobes,
          nicolae_overflow_crystal_walls, corexii_leaking_fountain
D:4:      lemuel_castle_with_subvaults [lemuel_castle_interior_carwin_3],
          layout_cave_pools, minmay_temple_entry_arrows,
          hangedman_abyss_or_decor_passed, nicolae_shop_self_help

Skill      XL: |  1  2  3  4  5  6 |
---------------+-------------------+-----
Armour         | 2 |  2.7
Dodging        | 2 |  2.7
Axes           | 4 5 |  5.0
Fighting       | 4 |  4.1

Action                   |  1- 3 |  4- 6 || total
-------------------------+-------+-------++-------
Melee: Hand axe          |   114 |    59 ||   173
       Tailslap          |    11 |     6 ||    17
       Punch             |       |     2 ||     2
Invok: Berserk           |     1 |     3 ||     4
       Trog's Hand       |       |     1 ||     1
 Abil: Rolling Charge    |    32 |    18 ||    50
 Stab: Sleeping          |     1 |       ||     1
Armor: Animal skin       |    27 |     8 ||    35
Dodge: Dodged            |    39 |    28 ||    67

Table legend: (Time is in decaauts)
 A = Elapsed time spent in this place.
 B = Non-inter-level travel time spent in this place.
 C = Inter-level travel time spent in this place.
 D = Time resting spent in this place.
 E = Time spent auto-exploring this place.
 F = Levels seen in this place.
 G = Mean time per level.
                   A        B        C        D        E       F      G
               +--------+--------+--------+--------+--------+-----+--------+
         Total |   3035 |   2952 |     83 |    113 |   2464 |   4 |  758.8 |
       Dungeon |   3035 |   2952 |     83 |    113 |   2464 |   4 |  758.8 |
               +--------+--------+--------+--------+--------+-----+--------+

Top non-repeatable levels by time:
     D:1: 1282 daAuts
     D:4: 633 daAuts
     D:2: 598 daAuts
     D:3: 521 daAuts
